[Event "Titled Tuesday Blitz April 4 Early 2023"]
[White "Manukian, Artak"]
[Black "Fiorito, Francisco"]
[WhiteFideId "13301373"]
[BlackFideId "180165"]
[WhiteElo "2130"]
[BlackElo "2341"]
[Result "0-1"]
[Round "06"]
[TimeControl "180+2"]
[Date "2023.04.04"]
[WhiteClock "0:00:30"]
[BlackClock "0:00:22"]

1. e4 e5 2. Nf3 Nf6 3. Nxe5 d6 4. Nf3 Nxe4 5. Nc3 Nxc3 6. dxc3 Be7 7. Be3 O-O 8. Qd2 Nd7 9. O-O-O Nf6 10. Bd3 Re8 11. h3 c5 12. g4 Be6 13. Kb1 Qa5 14. c4 Qa4 15. b3 Qc6 16. Ng5 Bd7 17. f3 h6 18. Ne4 d5 19. Nxf6+ Qxf6 20. cxd5 c4 21. Bxc4 Ba3 22. Bd4 Qxf3 23. Rdf1 Qe4 24. Re1 Qg6 25. Bb2 Bd6 26. Qd4 f6 27. Bd3 Qg5 28. h4 Qxg4 29. Qxg4 Bxg4 30. c4 Kf7 31. h5 Rxe1+ 32. Rxe1 Bxh5 33. Bf5 Rd8 34. Bd4 b6 35. Kc2 Bg6 36. Bxg6+ Kxg6 37. Kc3 h5 38. b4 h4 39. c5 bxc5 40. bxc5 Bg3 41. Rh1 Rxd5 42. Kc4 Rd8 43. c6 Rc8 44. Kd5 Kf5 45. Bxa7 g5 46. a4 Ra8 47. Bc5 Rxa4 48. Rf1+ Kg6 49. Rg1 f5 50. Bd6 Ra5+ 51. Ke6 Bxd6 52. Kxd6 Ra6 53. Kd7 g4 54. c7 Ra7 55. Kd6 Ra8 56. Rb1 Rc8 57. Rb8 Rxc7 58. Kxc7 h3 59. Kd6 h2 60. Rh8 g3 61. Ke5 g2 62. Rg8+ Kf7 63. Rxg2 h1=Q 64. Rg5 Qe4+ 0-1


[Site "https://www.chess.com"]

[Event "Titled Tuesday Blitz April 4 Early 2023"]
[White "Dixit, Nikhil"]
[Black "ArtemDyachuk"]
[WhiteFideId "5059534"]
[WhiteElo "2207"]
[BlackElo "2407"]
[Result "0-1"]
[Round "06"]
[TimeControl "180+2"]
[Date "2023.04.04"]
[WhiteClock "0:00:25"]
[BlackClock "0:00:59"]

1. e4 c5 2. Nf3 d6 3. Bb5+ Nd7 4. O-O g6 5. d4 cxd4 6. Qxd4 Nf6 7. e5 dxe5 8. Nxe5 Bg7 9. Nxd7 Bxd7 10. Bxd7+ Qxd7 11. Qxd7+ Kxd7 12. c3 e5 13. Na3 Ke6 14. Nc2 Rhe8 15. Be3 Nd5 16. Rad1 Rad8 17. Bxa7 Ra8 18. Bc5 Rxa2 19. Rxd5 Kxd5 20. Ba3 Kc4 21. Rd1 Bf8 22. g3 Bxa3 23. Nxa3+ Kb3 24. Rd7 Kxb2 25. Nc4+ Kb3 26. Nd6 Rea8 27. Rxb7+ Kxc3 28. Rxf7 Kd3 29. Rxh7 Rf8 30. Nf7 Ke2 31. Nxe5 Rxf2 32. Ng4 Ra1# 0-1


[Site "https://www.chess.com"]

[Event "Titled Tuesday Blitz April 4 Early 2023"]
[White "Rios Escobar, Adan"]
[Black "Fiorito, Joaquin"]
[WhiteFideId "3403645"]
[BlackFideId "180173"]
[WhiteElo "2407"]
[BlackElo "2157"]
[Result "0-1"]
[Round "06"]
[TimeControl "180+2"]
[Date "2023.04.04"]
[WhiteClock "0:00:01"]
[BlackClock "0:00:19"]

1. d4 Nf6 2. g3 d5 3. Nf3 Bf5 4. c4 c6 5. Nc3 e6 6. Nh4 Be4 7. f3 Bg6 8. Qb3 Qc7 9. Bf4 Qc8 10. Bg2 Be7 11. O-O O-O 12. Rac1 Nbd7 13. Bh3 dxc4 14. Qxc4 Nd5 15. Nxg6 hxg6 16. e4 Nxf4 17. gxf4 Nb6 18. Qe2 Qc7 19. Qe3 Rad8 20. Ne2 Bf6 21. Rfd1 Qb8 22. Qb3 Rd7 23. e5 Be7 24. Bxe6 fxe6 25. Qxe6+ Rf7 26. Qxg6 Nd5 27. f5 Rd8 28. f6 Nxf6 29. exf6 Rxf6 30. Qg2 Rd5 31. Ng3 Rg6 32. Rc3 Bd6 33. Re3 Rdg5 34. f4 Bxf4 35. Rf3 Bxg3 36. Kf1 Bd6 37. Qh3 Rg1+ 38. Ke2 Qe8+ 39. Kd2 Bb4+ 40. Kc2 Qe2+ 41. Kb3 Qxd1+ 42. Kxb4 Qxd4+ 43. Ka3 Qd6+ 44. b4 R1g4 45. Rb3 a5 46. Qe3 axb4+ 47. Ka4 b5+ 48. Ka5 Re6 49. Qf3 Qc7+ 50. Ka6 Re7 51. Qxg4 Qa7# 0-1


[Site "https://www.chess.com"]

[Event "Titled Tuesday Blitz April 4 Early 2023"]
[White "Ramirez Vido, Robert Yorisan"]
[Black "Ordekalog"]
[WhiteFideId "3513823"]
[WhiteElo "2403"]
[BlackElo "2547"]
[Result "0-1"]
[Round "06"]
[TimeControl "180+2"]
[Date "2023.04.04"]
[WhiteClock "0:00:10"]
[BlackClock "0:00:07"]

1. f4 g5 2. fxg5 e5 3. d3 d5 4. Nc3 Bc5 5. Nf3 Nc6 6. e4 Nge7 7. exd5 Nxd5 8. Ne4 Be7 9. Be2 Bf5 10. O-O Qd7 11. c4 Nf4 12. Bxf4 exf4 13. Qd2 Bxe4 14. dxe4 Qxd2 15. Nxd2 Bxg5 16. Bg4 Ne5 17. Bf5 Rd8 18. Rad1 Ke7 19. Nf3 Nxf3+ 20. gxf3 Bf6 21. b3 Bd4+ 22. Kh1 c5 23. Rfe1 Kf6 24. Re2 h5 25. Rg2 Be3 26. Rd5 Rxd5 27. cxd5 h4 28. h3 Rd8 29. Rg4 b5 30. Rxh4 Ke5 31. Rh7 c4 32. bxc4 bxc4 33. Rxf7 c3 34. Rc7 Kd4 35. Kg2 Rg8+ 36. Kf1 Rg1+ 37. Ke2 Rg2+ 38. Ke1 c2 39. d6 c1=Q+ 40. Rxc1 Bxc1 41. d7 Rg8 42. h4 Ba3 43. h5 Be7 44. h6 Ke3 45. h7 Rg1# 0-1


[Site "https://www.chess.com"]

[Event "Titled Tuesday Blitz April 4 Early 2023"]
[White "Ruperez Benito, Antonio"]
[Black "Staudenhocker43"]
[WhiteFideId "22245049"]
[WhiteElo "2273"]
[BlackElo "2541"]
[Result "1/2-1/2"]
[Round "06"]
[TimeControl "180+2"]
[Date "2023.04.04"]
[WhiteClock "0:00:54"]
[BlackClock "0:00:01"]

1. e4 e5 2. Nf3 Nf6 3. Nxe5 d6 4. Nf3 Nxe4 5. Nc3 Nxc3 6. dxc3 Be7 7. Bd3 Nd7 8. Bf4 Nc5 9. Qd2 O-O 10. O-O-O Be6 11. Kb1 Nxd3 12. Qxd3 Qd7 13. h4 Qa4 14. Nd4 Qxa2+ 15. Kc1 c5 16. Nxe6 fxe6 17. Be3 d5 18. Qb5 Qa1+ 19. Kd2 Qa6 20. Qxa6 bxa6 21. Ra1 e5 22. f3 d4 23. Bf2 Rf6 24. Rhe1 Re6 25. cxd4 cxd4 26. Kd3 Kf7 27. Re4 Rb8 28. b3 Rc8 29. Be1 Bf6 30. Bd2 Rec6 31. Ra2 h5 32. g4 hxg4 33. fxg4 Bxh4 34. Rxe5 Bf6 35. Rea5 R8c7 36. Rxa6 Rxa6 37. Rxa6 Rd7 38. g5 Be5 39. g6+ Ke8 40. Re6+ Re7 41. Rxe7+ Kxe7 42. Bg5+ Ke6 43. Ke4 a6 44. Bh4 Kd6 45. Bf2 Ke6 46. Bxd4 Bxd4 47. Kxd4 Kf5 48. c4 Kxg6 49. Kd5 Kf7 50. Kd6 Ke8 51. Kc7 g5 52. c5 g4 53. c6 g3 54. Kb7 g2 55. c7 g1=Q 56. c8=Q+ Ke7 57. Qc7+ Ke8 58. Qc6+ Ke7 59. Qxa6 Qg2+ 60. Kb8 Qg3+ 61. Ka8 Qxb3 62. Qb7+ Qxb7+ 63. Kxb7 1/2-1/2


[Site "https://www.chess.com"]

[Event "Titled Tuesday Blitz April 4 Early 2023"]
[White "Kukreja, Sankalp"]
[Black "Rodchenkov, Sergey D."]
[WhiteFideId "45027676"]
[BlackFideId "4168712"]
[WhiteElo "2126"]
[BlackElo "2277"]
[Result "1-0"]
[Round "06"]
[TimeControl "180+2"]
[Date "2023.04.04"]
[WhiteClock "0:00:06"]
[BlackClock "0:00:01"]

1. e4 c5 2. Nf3 d6 3. d4 cxd4 4. Nxd4 Nf6 5. Nc3 a6 6. Bc4 e6 7. Bb3 Nbd7 8. f4 Nc5 9. e5 Nfd7 10. exd6 Nf6 11. Be3 Bxd6 12. Qf3 O-O 13. O-O-O Qc7 14. Rhg1 Rb8 15. g4 b5 16. g5 Bb7 17. Qh3 Nfe4 18. Nxe4 Bxe4 19. Rd2 Rbc8 20. f5 Nxb3+ 21. axb3 e5 22. g6 h6 23. Bxh6 fxg6 24. Bxg7 exd4 25. Bxd4 Bxf5 26. Qh8+ Kf7 27. Qg7+ Ke8 28. Re1+ Be7 29. Bf6 Qxc2+ 30. Rxc2 Rxc2+ 31. Kd1 Kd7 32. Qxe7+ Kc6 33. Qxf8 Rg2 34. Qe8+ 1-0


[Site "https://www.chess.com"]

[Event "Titled Tuesday Blitz April 4 Early 2023"]
[White "Salman, Pavel"]
[Black "Krzywda, Andrzej"]
[WhiteFideId "24153753"]
[BlackFideId "1114565"]
[WhiteElo "2187"]
[BlackElo "2155"]
[Result "1-0"]
[Round "06"]
[TimeControl "180+2"]
[Date "2023.04.04"]
[WhiteClock "0:00:13"]
[BlackClock "0:00:01"]

1. Nf3 c5 2. g3 Nc6 3. Bg2 g6 4. d3 Bg7 5. e4 e5 6. c3 Nge7 7. h4 d5 8. exd5 Nxd5 9. h5 Bg4 10. h6 Bf6 11. Nbd2 Be7 12. Qa4 Qd7 13. O-O Be6 14. Re1 O-O 15. Ne4 Nb6 16. Qc2 Rad8 17. Bf1 f6 18. Be3 Bd5 19. Nfd2 Qf5 20. Be2 Nd7 21. Qd1 g5 22. Bh5 b6 23. Qe2 Bf7 24. Bxf7+ Rxf7 25. Qh5 Qg6 26. Qxg6+ hxg6 27. Kg2 Kh7 28. Rh1 Nf8 29. f4 gxf4 30. gxf4 Rxd3 31. Rae1 exf4 32. Bxf4 Ne6 33. Bg3 Ne5 34. Bxe5 fxe5 35. Ref1 Nf4+ 36. Kh2 Rh3+ 37. Kg1 Rd3 38. Nf3 Rf5 39. Rh2 Bd8 40. Nxe5 Rxe5 41. Rxf4 Re7 42. Ng5+ Kg8 43. h7+ 1-0


[Site "https://www.chess.com"]

[Event "Titled Tuesday Blitz April 4 Early 2023"]
[White "Jimenez Jimenez, Leandro"]
[Black "Korelskiy, Egor"]
[WhiteFideId "6415253"]
[BlackFideId "34329064"]
[WhiteElo "2263"]
[BlackElo "2186"]
[Result "1/2-1/2"]
[Round "06"]
[TimeControl "180+2"]
[Date "2023.04.04"]
[WhiteClock "0:00:06"]
[BlackClock "0:00:07"]

1. d4 d5 2. c4 e6 3. Nf3 c6 4. g3 dxc4 5. Bg2 b5 6. O-O Bb7 7. a4 Nd7 8. b3 cxb3 9. Qxb3 a6 10. Na3 Ngf6 11. Nc4 Rb8 12. Nce5 c5 13. axb5 axb5 14. Nxf7 Kxf7 15. Ng5+ Ke8 16. Bxb7 Rxb7 17. Qxe6+ Qe7 18. Ra8+ Rb8 19. Rxb8+ Nxb8 20. Qc8+ Qd8 21. Qxd8+ Kxd8 22. Nf7+ Ke7 23. Nxh8 g6 24. dxc5 Bg7 25. Bf4 Nc6 26. Bd6+ Ke6 27. Nxg6 hxg6 28. Rd1 Ne4 29. Rd3 b4 30. e3 Nc3 31. Rd2 b3 32. f3 Nb5 33. f4 Nb4 34. Be5 Bxe5 35. fxe5 Nc2 36. c6 b2 37. Rd1 Kxe5 38. Rb1 Nxe3 39. Rxb2 Nc7 40. Rd2 Ned5 41. Kf2 Kd6 42. Kf3 Kxc6 43. Kg4 Kd6 44. Rxd5+ Nxd5 45. Kg5 Ne7 46. h4 Ke6 47. g4 Kf7 48. h5 gxh5 49. gxh5 Kg7 50. h6+ Kh7 51. Kf6 Ng8+ 52. Kf7 Nxh6+ 1/2-1/2


[Site "https://www.chess.com"]

[Event "Titled Tuesday Blitz April 4 Early 2023"]
[White "Novikov, Evgenij"]
[Black "Skaric, Djuro"]
[WhiteFideId "4125380"]
[BlackFideId "934569"]
[WhiteElo "2242"]
[BlackElo "2282"]
[Result "1-0"]
[Round "06"]
[TimeControl "180+2"]
[Date "2023.04.04"]
[WhiteClock "0:00:16"]
[BlackClock "0:01:39"]

1. d4 d6 2. e4 g6 3. Nf3 Bg7 4. Bc4 Nf6 5. Qe2 O-O 6. Bb3 Nc6 7. h3 h6 8. c3 e5 9. dxe5 dxe5 10. O-O Qe7 11. Na3 a6 12. Nc4 b5 13. Ne3 Be6 14. Nd5 Bxd5 15. exd5 Na5 16. Qxe5 Qxe5 17. Nxe5 Nxb3 18. axb3 Nxd5 19. Nd7 Rfe8 20. Rd1 c6 21. Nc5 a5 22. Bd2 Re2 23. Kf1 Ree8 24. Re1 Rec8 25. Nb7 Rcb8 26. Nxa5 b4 27. c4 Nc7 28. Nxc6 Rxa1 29. Rxa1 Rb6 30. Nxb4 Bxb2 31. Rb1 Bg7 32. Nc2 Bf8 33. Ba5 Rb7 34. Bxc7 Rxc7 35. Ne3 Rb7 36. Ke2 Bc5 37. Nd5 f5 38. f3 Kf7 39. b4 Bd4 40. Kd3 Be5 41. f4 Bd6 42. Kd4 Ke6 43. c5 Bb8 44. Re1+ Kf7 45. Kc4 g5 46. fxg5 hxg5 47. b5 Bg3 48. Re3 Bh2 49. c6 Ra7 50. b6 Ra1 51. c7 Bg1 52. Re7+ Kg6 53. c8=Q Rc1+ 54. Nc3 1-0


[Site "https://www.chess.com"]

[Event "Titled Tuesday Blitz April 4 Early 2023"]
[White "Dushyant Sharma"]
[Black "crosky"]
[WhiteFideId "25065130"]
[WhiteElo "2198"]
[BlackElo "2359"]
[Result "1/2-1/2"]
[Round "06"]
[TimeControl "180+2"]
[Date "2023.04.04"]
[WhiteClock "0:00:36"]
[BlackClock "0:01:48"]

1. e4 c6 2. d4 d5 3. exd5 cxd5 4. Bd3 Nc6 5. c3 Qc7 6. h3 e6 7. Nf3 Bd6 8. O-O Nge7 9. Be3 O-O 10. Bxh7+ Kxh7 11. Ng5+ Kg6 12. Qg4 f5 13. Qh4 f4 14. Qg4 Kh6 15. Qh4+ Kg6 16. Qg4 Kh6 17. Qh4+ Kg6 1/2-1/2


[Site "https://www.chess.com"]

[Event "Titled Tuesday Blitz April 4 Early 2023"]
[White "Leebit02"]
[Black "Mouhamad, Joachim"]
[BlackFideId "656410"]
[WhiteElo "2361"]
[BlackElo "2125"]
[Result "1-0"]
[Round "06"]
[TimeControl "180+2"]
[Date "2023.04.04"]
[WhiteClock "0:00:56"]
[BlackClock "0:00:45"]

1. Nf3 d5 2. b3 Nf6 3. Bb2 e6 4. e3 Be7 5. c4 O-O 6. Qc2 b6 7. h4 Bb7 8. h5 h6 9. Be2 Nbd7 10. d3 c5 11. Nbd2 Rc8 12. O-O-O a5 13. a4 Nb8 14. Kb1 Na6 15. Ne5 Nb4 16. Qc1 d4 17. Rhg1 Bd6 18. f4 Bxe5 19. fxe5 Nh7 20. Nf3 Ng5 21. exd4 cxd4 22. Nxd4 Rc5 23. Nb5 Bc6 24. Nd6 Qd7 25. d4 Bxa4 26. bxa4 Qxa4 27. Ba3 Rc7 28. Qb2 Ra8 29. Nb5 Rcc8 30. Rc1 Ne4 31. Bd1 Nd2+ 32. Qxd2 Qxa3 33. Nxa3 1-0


[Site "https://www.chess.com"]

[Event "Titled Tuesday Blitz April 4 Early 2023"]
[White "Gallegos Diaz, Carlos Alberto"]
[Black "Yu, Jason"]
[WhiteFideId "3900886"]
[BlackFideId "30907624"]
[WhiteElo "2362"]
[BlackElo "2495"]
[Result "1/2-1/2"]
[Round "06"]
[TimeControl "180+2"]
[Date "2023.04.04"]
[WhiteClock "0:00:09"]
[BlackClock "0:00:14"]

1. e4 e5 2. Nf3 Nc6 3. d3 g6 4. Be2 Bg7 5. O-O Nge7 6. c3 O-O 7. Re1 f5 8. h3 d5 9. Nbd2 Be6 10. b4 fxe4 11. dxe4 d4 12. Ng5 Bd7 13. Qb3+ Kh8 14. Nf7+ Rxf7 15. Qxf7 dxc3 16. Nf3 Nxb4 17. Bg5 Nbc6 18. Rad1 Qe8 19. Qb3 Nd4 20. Qxc3 Nec6 21. Be3 b6 22. Qc4 Rc8 23. Nxd4 exd4 24. Bxd4 Nxd4 25. Rxd4 Be6 26. Qd3 Bxd4 27. Qxd4+ Kg8 28. Rd1 c5 29. Qd6 Qc6 30. Ba6 Qxd6 31. Rxd6 Re8 32. a3 Re7 33. f4 Kf7 34. g4 Rc7 35. Kf2 Bb3 36. e5 c4 37. Bxc4+ Bxc4 38. f5 gxf5 39. gxf5 b5 40. Ke3 a5 41. Kd4 b4 42. axb4 axb4 43. Rb6 b3 44. h4 h5 45. Kc3 Be6+ 46. Kb2 Bxf5 47. Rf6+ Ke7 48. Rxf5 Ke6 49. Rxh5 Rb7 50. Rg5 Rb5 51. h5 Rxe5 52. Rxe5+ Kxe5 53. Kxb3 Kf5 54. h6 Kg6 55. h7 Kxh7 1/2-1/2


[Site "https://www.chess.com"]

[Event "Titled Tuesday Blitz April 4 Early 2023"]
[White "Krsnik Cohar, Ivan Vihor"]
[Black "Todorovic, Bojan"]
[WhiteFideId "14520044"]
[BlackFideId "917087"]
[WhiteElo "2414"]
[BlackElo "2266"]
[Result "1-0"]
[Round "06"]
[TimeControl "180+2"]
[Date "2023.04.04"]
[WhiteClock "0:00:04"]
[BlackClock "0:00:01"]

1. e4 g6 2. Nf3 Bg7 3. d4 d6 4. Nc3 a6 5. a4 Nc6 6. Bc4 Nf6 7. O-O O-O 8. h3 e5 9. dxe5 Nxe5 10. Nxe5 dxe5 11. Bg5 Qd4 12. Bb3 h6 13. Be3 Qb4 14. Qf3 Be6 15. Ra3 Rfe8 16. Bxe6 Rxe6 17. Rb3 Qc4 18. Rxb7 Rd8 19. Rd1 Rxd1+ 20. Qxd1 Rd6 21. Qf1 Qc6 22. Rb8+ Kh7 23. Rb4 a5 24. Rc4 Qb7 25. b3 c6 26. f3 h5 27. Rc5 Nd7 28. Rc4 h4 29. Qf2 Bf6 30. Kh2 Kg7 31. Ne2 Rd1 32. Nc3 Ra1 33. Qd2 Nf8 34. Bh6+ Kg8 35. Bg5 Kg7 36. Bxf6+ Kxf6 37. Qh6 Ne6 38. Qxh4+ Kg7 39. Qf2 Qe7 40. Ne2 Qg5 41. Rxc6 Nf4 42. Nxf4 Qxf4+ 43. g3 Qc1 44. Qg2 Qe1 45. Rd6 Rc1 46. Rd2 Qe3 47. Re2 Qc3 48. h4 f6 49. Kh3 Kh6 50. g4 Qa1 51. Kh2 1-0


[Site "https://www.chess.com"]

[Event "Titled Tuesday Blitz April 4 Early 2023"]
[White "Tokman, Ariel"]
[Black "Matveeva, Olga"]
[WhiteFideId "117420"]
[BlackFideId "24107018"]
[WhiteElo "2263"]
[BlackElo "2056"]
[Result "1-0"]
[Round "06"]
[TimeControl "180+2"]
[Date "2023.04.04"]
[WhiteClock "0:00:18"]
[BlackClock "0:00:06"]

1. e4 e6 2. d4 d5 3. Nd2 c5 4. Ngf3 cxd4 5. exd5 Qxd5 6. Bc4 Qd6 7. O-O Nf6 8. Nb3 Nc6 9. Nbxd4 Nxd4 10. Nxd4 Be7 11. c3 O-O 12. Qf3 Qc7 13. Bb3 a5 14. a4 Bd7 15. Nb5 Qb6 16. Be3 Bc5 17. Bxc5 Qxc5 18. Qxb7 Rfb8 19. Qf3 Bxb5 20. axb5 Qxb5 21. Ra3 a4 22. Rfa1 Nd5 23. c4 Qb7 24. cxd5 axb3 25. dxe6 Qxf3 26. gxf3 Rxa3 27. Rxa3 fxe6 28. Ra7 h6 29. Kg2 Kh7 30. f4 Kg6 31. Kf3 Kf6 32. Ke4 Rb4+ 33. Ke3 g5 34. fxg5+ hxg5 35. Ra5 g4 36. Rh5 Kg6 37. Re5 Kf6 38. Re4 Rb5 39. Rxg4 Rh5 40. h4 Re5+ 41. Re4 Rb5 42. Kf4 Rb6 43. f3 Rb5 44. Kg4 Rb6 45. h5 Rb5 46. Rf4+ Kg7 47. Re4 Kf6 48. f4 Rb6 49. Rc4 Rb7 50. Rc5 Rb8 51. Rg5 Rb7 52. Rg6+ Kf7 53. Rh6 Kg7 54. Rxe6 Rb4 55. Re5 Rb6 56. Rc5 Rb7 57. Kg5 Rb6 58. Rc7+ Kg8 59. f5 Rb8 60. h6 Rb6 61. Rg7+ Kh8 62. Rc7 Kg8 63. f6 Kh8 64. Kg6 Rb8 65. Rh7+ Kg8 66. f7+ 1-0


[Site "https://www.chess.com"]

[Event "Titled Tuesday Blitz April 4 Early 2023"]
[White "Golubev, Mikhail"]
[Black "Garrido, Denis"]
[WhiteFideId "14100983"]
[BlackFideId "601217"]
[WhiteElo "2374"]
[BlackElo "2349"]
[Result "0-1"]
[Round "06"]
[TimeControl "180+2"]
[Date "2023.04.04"]
[WhiteClock "0:00:01"]
[BlackClock "0:00:12"]

1. e4 e5 2. Nf3 Nc6 3. Bc4 Bc5 4. c3 Nf6 5. d4 exd4 6. cxd4 Bb4+ 7. Nbd2 d5 8. exd5 Nxd5 9. O-O O-O 10. h3 Bf5 11. Qb3 Nb6 12. d5 Bxd2 13. Bxd2 Nxc4 14. Qxc4 Ne7 15. Bb4 Qxd5 16. Qxd5 Nxd5 17. Bxf8 Kxf8 18. Nd4 Bd7 19. Rad1 c6 20. Rfe1 Rd8 21. a3 a5 22. Nb3 b6 23. Nd4 Re8 24. Rxe8+ Kxe8 25. Nf3 f6 26. Nd4 Ke7 27. f3 Kd6 28. Kf2 a4 29. Ne2 Be6 30. Nf4 Bf7 31. Nxd5 Bxd5 32. Ke3 Kc5 33. Rd4 b5 34. Rd2 Kc4 35. f4 g6 36. g4 Be6 37. Rc2+ Kb3 38. Rxc6 Bc4 39. Rc7 Kxb2 40. Rxh7 Kxa3 41. Rb7 Kb2 42. h4 a3 0-1


[Site "https://www.chess.com"]

[Event "Titled Tuesday Blitz April 4 Early 2023"]
[White "Ovezdurdyyeva, Jemal"]
[Black "Reprintsev, Alexander"]
[WhiteFideId "14001888"]
[BlackFideId "14100541"]
[WhiteElo "2043"]
[BlackElo "2211"]
[Result "1-0"]
[Round "06"]
[TimeControl "180+2"]
[Date "2023.04.04"]
[WhiteClock "0:00:55"]
[BlackClock "0:01:07"]

1. e4 d5 2. exd5 Qxd5 3. Nc3 Qa5 4. d4 Nf6 5. Nf3 Nc6 6. h3 Ne4 7. Bd3 Nxc3 8. bxc3 Qxc3+ 9. Bd2 Qa3 10. O-O e6 11. Re1 Be7 12. Qe2 h6 13. c4 Bd7 14. d5 Nd8 15. Bc1 Qd6 16. Bb2 Bf6 17. Nd4 O-O 18. Qe4 g6 19. Nb5 Bxb5 20. Bxf6 exd5 21. Qh4 dxc4 22. Be7 Qxd3 23. Qxh6 Qc3 24. Qxf8+ Kh7 25. Bxd8 Bc6 26. Qxf7+ Kh6 27. Bf6 1-0


[Site "https://www.chess.com"]

[Event "Titled Tuesday Blitz April 4 Early 2023"]
[White "Fernandez Siles, Luis"]
[Black "Jaskolka, Tomasz"]
[WhiteFideId "2209420"]
[BlackFideId "1170791"]
[WhiteElo "2195"]
[BlackElo "2155"]
[Result "0-1"]
[Round "06"]
[TimeControl "180+2"]
[Date "2023.04.04"]
[WhiteClock "0:00:24"]
[BlackClock "0:00:39"]

1. d4 d5 2. c4 e5 3. dxe5 d4 4. a3 a5 5. e3 Nc6 6. Nf3 Bc5 7. exd4 Bxd4 8. Nxd4 Qxd4 9. f4 Bf5 10. Qa4 Bxb1 11. Qb5 O-O-O 12. Be2 Qe4 13. O-O Nd4 14. Bg4+ Kb8 15. Qxa5 Bd3 16. Rd1 Ne7 17. Bd2 Nb3 18. Qb4 Nxa1 19. Bf3 Qd4+ 20. Kh1 Be4 21. Be3 Qxd1+ 22. Bxd1 Rxd1+ 23. Bg1 Nc6 24. Qa4 Nc2 25. h4 Rhd8 26. Kh2 N2d4 27. Bf2 Rd2 28. Kg3 Nf5+ 0-1


[Site "https://www.chess.com"]

[Event "Titled Tuesday Blitz April 4 Early 2023"]
[White "ibove"]
[Black "Shapiro, Viktor"]
[BlackFideId "4175700"]
[WhiteElo "2327"]
[BlackElo "2152"]
[Result "0-1"]
[Round "06"]
[TimeControl "180+2"]
[Date "2023.04.04"]
[WhiteClock "0:01:45"]
[BlackClock "0:02:04"]

1. d4 Nf6 2. Nf3 e6 3. Bg5 b5 4. e3 b4 5. Bd3 Bb7 6. Nbd2 a5 7. Qe2 Be7 8. h4 d6 9. c4 Nbd7 10. b3 h6 11. Bf4 c5 12. Rd1 Qb6 13. Bc2 O-O-O 14. a3 g5 15. Bg3 g4 16. Nh2 Bxg2 17. Rg1 Bb7 18. axb4 axb4 19. Ra1 h5 20. Ra2 cxd4 21. exd4 Qxd4 22. f3 Qxg1+ 0-1


[Site "https://www.chess.com"]

[Event "Titled Tuesday Blitz April 4 Early 2023"]
[White "Kraus, Tomas"]
[Black "Nguyen, Hong Anh"]
[WhiteFideId "331708"]
[BlackFideId "12406732"]
[WhiteElo "2389"]
[BlackElo "2054"]
[Result "1/2-1/2"]
[Round "06"]
[TimeControl "180+2"]
[Date "2023.04.04"]
[WhiteClock "0:01:37"]
[BlackClock "0:00:50"]

1. e4 c5 2. Nc3 Nc6 3. f4 g6 4. Nf3 Bg7 5. g3 e6 6. Bg2 Nge7 7. O-O O-O 8. d3 d5 9. e5 Nf5 10. g4 Nfd4 11. g5 b5 12. h4 Nf5 13. Bh3 b4 14. Ne2 c4 15. Bxf5 exf5 16. dxc4 dxc4 17. Qxd8 Rxd8 18. Be3 Be6 19. Rfd1 Bd5 20. Nfd4 Bf8 21. Kf2 a6 22. Nxc6 Bxc6 23. Bb6 Rdb8 24. Be3 Rd8 25. Bb6 Rdb8 26. Be3 Rd8 1/2-1/2


[Site "https://www.chess.com"]

[Event "Titled Tuesday Blitz April 4 Early 2023"]
[White "Romero Pallares, Daniel"]
[Black "Qashashvili, Alexandre"]
[WhiteFideId "32025637"]
[BlackFideId "13600842"]
[WhiteElo "2195"]
[BlackElo "2405"]
[Result "1-0"]
[Round "06"]
[TimeControl "180+2"]
[Date "2023.04.04"]
[WhiteClock "0:00:04"]
[BlackClock "0:00:10"]

1. d4 c6 2. Nc3 d5 3. Bf4 Bf5 4. f3 e6 5. e4 dxe4 6. fxe4 Bg6 7. Qd2 Bd6 8. O-O-O Bxf4 9. Qxf4 Ne7 10. h4 h6 11. Nf3 Nd7 12. Bd3 Qb8 13. Qe3 Qc7 14. h5 Bh7 15. g4 O-O-O 16. g5 hxg5 17. Nxg5 Rdf8 18. Rdf1 Nf6 19. Be2 e5 20. h6 gxh6 21. Rxf6 hxg5 22. Rfh6 exd4 23. Qxd4 Qf4+ 24. Qd2 Qxd2+ 25. Kxd2 Rhg8 26. Rxh7 g4 27. Ke3 g3 28. Bf3 Ng6 29. Ne2 Ne5 30. Rg1 f5 31. exf5 Rxf5 32. Be4 Rfg5 33. Rg2 Nc4+ 34. Kd4 Nxb2 35. Rh3 Rd8+ 36. Ke3 Nc4+ 37. Kf4 Rg7 38. Bf5+ Kc7 39. Rhxg3 Rf7 40. Rg7 Rf8 41. Rxf7+ Rxf7 42. Nd4 Nd6 43. Ke5 Nc4+ 44. Ke6 Rf8 45. Bd3 Nb6 46. Ke7 Rd8 47. Ne6+ Kb8 48. Nxd8 Nd5+ 49. Kd6 a5 50. Rg8 Ka7 51. Rf8 Kb6 52. Ne6 a4 53. c4 Ka5 54. cxd5 Kb4 55. dxc6 bxc6 56. Kxc6 Ka3 57. Rb8 Kxa2 58. Ba6 a3 59. Kc5 Ka1 60. Rh8 a2 61. Kb4 Kb2 62. Rh2+ Kb1 63. Bd3+ Kc1 64. Rxa2 Kd1 65. Kc3 Ke1 66. Bc4 Kd1 67. Rb2 Ke1 68. Rh2 Kd1 69. Kd3 Kc1 70. Ke3 Kd1 71. Rg2 Kc1 72. Kd3 Kb1 73. Kc3 Ka1 74. Kb3 Kb1 75. Rg1# 1-0


[Site "https://www.chess.com"]

[Event "Titled Tuesday Blitz April 4 Early 2023"]
[White "Dudzinski, Pawel"]
[Black "Makhmudov, Shukhrat"]
[WhiteFideId "1117890"]
[BlackFideId "14200775"]
[WhiteElo "2099"]
[BlackElo "2135"]
[Result "1-0"]
[Round "06"]
[TimeControl "180+2"]
[Date "2023.04.04"]
[WhiteClock "0:01:28"]
[BlackClock "0:00:19"]

1. e4 e5 2. Nf3 Nc6 3. d4 exd4 4. Nxd4 Nf6 5. Nxc6 bxc6 6. e5 Qe7 7. Qe2 Nd5 8. c4 Ba6 9. b3 O-O-O 10. f4 Re8 11. Qf2 Nb6 12. Be2 f6 13. Bb2 fxe5 14. fxe5 Qc5 15. Bd4 Qa5+ 16. Kf1 Ba3 17. Nxa3 Qxa3 18. Bf3 d5 19. Kg1 Rhf8 20. Bc5 Qa5 21. Bxf8 Rxf8 22. cxd5 cxd5 23. h3 Qc3 24. Re1 d4 25. Kh2 d3 26. Qe3 Qb4 27. Rc1 d2 28. Rc2 Rd8 29. Rd1 Bb7 30. Rcxd2 Rxd2 31. Qxd2 Qxd2 32. Rxd2 Bxf3 33. gxf3 1-0


[Site "https://www.chess.com"]

[Event "Titled Tuesday Blitz April 4 Early 2023"]
[White "Antonio, Jorge Carlos"]
[Black "Terletsky, Oleg"]
[WhiteFideId "113190"]
[BlackFideId "14116774"]
[WhiteElo "2247"]
[BlackElo "2084"]
[Result "0-1"]
[Round "06"]
[TimeControl "180+2"]
[Date "2023.04.04"]
[WhiteClock "0:00:08"]
[BlackClock "0:00:07"]

1. d4 Nf6 2. Nf3 g6 3. c4 Bg7 4. Nc3 O-O 5. e4 d6 6. Be2 e5 7. O-O Nc6 8. d5 Ne7 9. Ne1 Nd7 10. Be3 f5 11. f3 f4 12. Bf2 g5 13. Rc1 Ng6 14. c5 Nxc5 15. b4 Na6 16. Nb5 Bd7 17. Nxa7 Nxb4 18. Qb3 Na6 19. Qxb7 Nc5 20. Bxc5 dxc5 21. Nd3 Qb8 22. Qxb8 Rfxb8 23. Nxc5 Rxa7 24. Nxd7 Rd8 25. Nc5 Bf8 26. Ne6 Rd7 27. Bc4 Bd6 28. Bb5 Re7 29. Nxg5 Rxa2 30. Ra1 Bc5+ 31. Kh1 Rb2 32. Bc4 Nh4 33. d6+ Kg7 34. dxe7 Bxe7 35. Ne6+ Kf6 36. g3 fxg3 37. hxg3 Ng2 38. Rab1 Rc2 39. Bd5 Ne3 40. Rbc1 Rd2 41. Rfe1 Nc2 42. Red1 Re2 43. Kg1 Nd4 44. Nxc7 Nxf3+ 45. Kf1 Rh2 46. Bc6 Ba3 47. Ra1 Bc5 48. Ra6 Rf2# 0-1


[Site "https://www.chess.com"]

[Event "Titled Tuesday Blitz April 4 Early 2023"]
[White "Nguyen Hong Nhung"]
[Black "babbilator"]
[WhiteFideId "12412201"]
[WhiteElo "1968"]
[BlackElo "2264"]
[Result "1-0"]
[Round "06"]
[TimeControl "180+2"]
[Date "2023.04.04"]
[WhiteClock "0:00:12"]
[BlackClock "0:00:04"]

1. e4 c5 2. Nc3 Nc6 3. Bb5 Nd4 4. Bc4 e6 5. Nge2 Nf6 6. O-O a6 7. a4 Qc7 8. d3 b6 9. Be3 Nc6 10. Bf4 d6 11. Ng3 Be7 12. Nh5 O-O 13. Nxf6+ Bxf6 14. Qh5 Nd4 15. Qd1 Bd7 16. Ba2 Rfb8 17. Re1 b5 18. axb5 axb5 19. Qd2 Ra7 20. Bb3 Nxb3 21. cxb3 Rba8 22. Rac1 b4 23. Ne2 e5 24. Be3 Be6 25. Qc2 Ra2 26. h3 h6 27. Red1 Qe7 28. Ng3 Bg5 29. Nf5 Bxf5 30. exf5 Qf6 31. g4 h5 32. Bxg5 Qxg5 33. Qd2 Qxd2 34. Rxd2 hxg4 35. hxg4 f6 36. Kg2 Kf7 37. Kf3 Ra1 38. Rcd1 R8a2 39. Rxa1 Rxa1 40. Ke4 Ke7 41. Kf3 Kd7 42. Rc2 Kc6 43. Ke4 d5+ 44. Ke3 Re1+ 45. Kf3 Rd1 46. Ke2 Rg1 47. Kf3 Kb5 48. Re2 Rd1 49. Ke3 Rg1 50. f3 Rb1 51. Kf2 c4 52. bxc4+ dxc4 53. dxc4+ Kxc4 54. Ke3 Kb3 55. Rd2 1-0


[Site "https://www.chess.com"]